 Dungeon Crawl Stone Soup version 0.32-a0-391-gce5c0aab1b (webtiles) character file.

Game seed: 894760601963594266

1594 zenocrate the Insei (level 8, -1/85 HPs)
             Began as an Octopode Delver on Feb 19, 2024.
             Slain by a troll (5 damage)
             ... on level 5 of the Dungeon.
             The game lasted 00:05:01 (4347 turns).

zenocrate the Insei (Octopode Delver)               Turns: 4347, Time: 00:05:01

Health: -1/85      AC:  1    Str: 13    XL:     8   Next: 93%
Magic:  8/8        EV: 13    Int: 12    God:
Gold:   151        SH:  0    Dex: 14    Spells: 7/7 levels left

rFire   . .          .
                       - Unarmed
rCold   . . .        (no shield)
rNeg    . . .        (helmet restricted)
rPois   .            l - amulet of the acrobat
rElec   .            (no ring)
rCorr   .            (no ring)
SInv    .            (no ring)
Will    .....        (no ring) Stlth
                     (no ring)
HPRegen 0.34/turn    (no ring)
MPRegen 0.11/turn    (no ring)
                     (no ring)

%: acrobat
@: berserking, very quick
A: almost no armour, amphibious, 8 rings, camouflage 1, gelatinous body 1,
(nimble swimmer 1), tentacles
a: no special abilities


You were on level 5 of the Dungeon.
You visited 2 branches of the dungeon, and saw 6 of its levels.

You collected 151 gold pieces.

Inventory:

Missiles
 s - 2 poisoned darts (quivered)
Armour
 v - a +0 buckler
Jewellery
 l - an amulet of the acrobat (around mantle)
Talismans
 j - a flux talisman
 m - a blade talisman
Wands
 e - a wand of digging (2)
 g - a wand of flame (8)
 r - a wand of mindburst (12)
Scrolls
 a - a scroll of fog
 b - 2 scrolls of revelation
 c - a scroll of enchant armour {unknown}
 d - a scroll of amnesia
 f - a scroll of acquirement {unknown}
 i - a scroll of poison {unknown}
 k - 2 scrolls of blinking {unknown}
 o - a scroll of immolation {unknown}
 p - 2 scrolls of vulnerability {unknown}
 u - a scroll of identify
Potions
 h - a potion of haste
 n - a potion of cancellation
 t - a potion of lignification


   Skills:
 - Level 6.3 Fighting
 - Level 2.0 Dodging
 - Level 6.6 Stealth
 + Level 7.8 Unarmed Combat
 + Level 0.0 Evocations
 + Level 4.8 Shapeshifting


You had 7 spell levels left.
You didn't know any spells.
Your spell library contained the following spells:

 Spells                   Type           Power      Damage    Failure   Level
 Lesser Beckoning         Tloc           0%         N/A       45%         2
 Call Canine Familiar     Summ           0%         N/A       69%         3
 Gell's Gravitas          Tloc           0%         N/A       69%         3
 Sigil of Binding         Hex            0%         N/A       69%         3
 Teleport Other           Tloc           0%         N/A       69%         3
 Dimensional Bullseye     Hex/Tloc       0%         N/A       97%         4


Dungeon Overview and Level Annotations

Branches:
Dungeon (5/15)             Temple (1/1) D:5

Altars:
Ashenzari
Cheibriados
Dithmenos
Elyvilon
Gozag
Kikubaaqudgha
Makhleb
Okawaru
Qazlal
Ru
Sif Muna
Uskayaw
Vehumet
Wu Jian
Yredelemnul
The Shining One

Shops:
D:3 *==[*

Annotations:
D:3 3 runed translucent doors, yleetSyT's ghost, amateur MDAr


Innate Abilities, Weirdness & Mutations

You cannot wear most types of armour.
You are amphibious.
You can wear up to eight rings at the same time.
Your skin changes colour to match your surroundings (Stealth+).
Your rubbery body absorbs attacks. (AC +1, EV +1)
((You are camouflaged when in or above water. (Stealth+)))
You have tentacles for arms and can constrict up to eight enemies at once.


Message History

You tentacle-slap the adder.
You kill the adder!
You see here a +0 buckler.
There are no items here.
u - a scroll of identify You see here a +0 buckler.
v - a +0 buckler
Found a leather armour.
No target in view!
You see here a +0 leather armour.
A troll is nearby!
A troll is nearby!
A troll is nearby!
The troll completely misses you. x2; The troll claws you!
You bludgeon the troll!
The troll is lightly wounded.
The troll closely misses you. The troll claws you! The troll misses you.
You barely miss the troll.
The troll is lightly wounded.
The troll bites you. The troll claws you!
* * * LOW HITPOINT WARNING * * *
The troll claws you!
* * * LOW HITPOINT WARNING * * *
Unknown command.
Okay, then.
Okay, then.
Okay, then.
A red film seems to cover your vision as you go berserk!
You feel yourself moving faster!
You feel mighty! The troll misses you. The troll closely misses you.
The troll claws you.
* * * LOW HITPOINT WARNING * * *
Unknown command.
You bludgeon the troll!
The troll is moderately wounded.
Unknown command.
You tentacle-slap the troll. You tentacle-slap the troll!
Your squeeze misses the troll.
The troll is severely wounded.
The troll bites you.
You die...

####### #.....# #.###.#########
#.# #....[....# #.###.#######.#
####.....# #.####### ........##
#@##....###### .......#######
#T##....†....#
####.................#.####.#
################.##..#.# #.#
#.#...#.#.# #.##..#.# #.#
†#..#..#.## #.##..#.####.#####
#÷.###..#.######.##..#...........
..##.##..##..........######.#####
.##...##†.#..........# #.# #


You could see a troll.

Vanquished Creatures
  Pikel (D:4)
  2 black bears
  A lemure (D:4)
  3 phantoms
  2 scorpions (D:5)
  2 bombardier beetles (D:5)
  2 jellies
  2 hounds
  2 orc priests (D:4)
  Jessica (D:3)
  Ijyb (D:3)
  An iguana (D:5)
  An orc wizard (D:4)
  Robin (D:2)
  7 adders
  2 ufetubi (D:5)
  2 dart slugs (D:1)
  A ribbon worm (D:2)
  5 orcs
  3 ball pythons
  5 bats
  11 endoplasms
  6 giant cockroaches
  17 goblins
  9 hobgoblins
  10 jackals
  2 quokkas (D:5)
  3 frilled lizards (D:2)
  5 kobolds
  3 rats
113 creatures vanquished.

Notes
Turn   | Place    | Note
-------+----------+-------------------------------------------
     0 | D:5      | zenocrate the Octopode Delver began the quest for the Orb.
     0 | D:5      | Reached XP level 1. HP: 16/16 MP: 1/1
     4 | D:4      | Noticed a lemure
     4 | D:4      | Noticed a lemure
     4 | D:4      | Noticed a jelly
   101 | D:5      | Noticed a phantom
   111 | D:5      | Noticed a phantom
   167 | D:5      | Found a staircase to the Ecumenical Temple.
   174 | Temple   | Entered the Ecumenical Temple
   203 | D:5      | Reached XP level 2. HP: 16/21 MP: 2/2
   222 | D:5      | Killed a phantom
   223 | D:5      | Reached skill level 4 in Unarmed Combat
   223 | D:5      | Reached XP level 3. HP: 6/26 MP: 3/3
   223 | D:5      | Reached XP level 4. HP: 7/31 MP: 4/4
   392 | D:5      | Noticed a phantom
   411 | D:5      | Killed a phantom
   412 | D:5      | Reached skill level 5 in Unarmed Combat
   412 | D:5      | Reached XP level 5. HP: 21/36 MP: 5/5
   499 | D:5      | Noticed a troll
   643 | D:4      | Noticed Pikel
   644 | D:4      | Noticed a lemure
   654 | D:3      | Found an iron altar of Okawaru.
   665 | D:3      | Found a runed translucent gate.
   666 | D:3      | Found a runed translucent gate.
   666 | D:3      | Found a runed translucent gate.
   668 | D:3      | Found an opulent altar of Gozag.
   671 | D:3      | Noticed yleetSyT's ghost (amateur MDAr)
   681 | D:3      | Found Telya's Jewellery Emporium.
   693 | D:3      | Found Jeppeij's Armour Shop.
  1079 | D:1      | Found a faded altar of an unknown god.
  1425 | D:1      | Reached skill level 1 in Shapeshifting
  1425 | D:1      | Reached XP level 6. HP: 42/42 MP: 6/6
  1858 | D:2      | Found a stormy altar of Qazlal.
  2108 | D:2      | Noticed Robin
  2118 | D:2      | Killed Robin
  2313 | D:3      | Noticed Jessica
  2319 | D:3      | Killed Jessica
  2435 | D:3      | Found Sait's Jewellery Shop.
  2453 | D:3      | Found Vizel's General Store.
  2501 | D:3      | Noticed Ijyb
  2508 | D:3      | Killed Ijyb
  2509 | D:3      | Reached skill level 6 in Unarmed Combat
  2603 | D:3      | Found an ancient bone altar of Kikubaaqudgha.
  2671 | D:3      | Found a broken altar of Ashenzari.
  2759 | D:3      | Found Innuisiu's General Store.
  2902 | D:4      | Found a white marble altar of Elyvilon.
  3045 | D:4      | Killed Pikel
  3046 | D:4      | Reached skill level 5 in Fighting
  3046 | D:4      | Reached XP level 7. HP: 4/50 MP: 7/7
  3046 | D:4      | Reached XP level 8. HP: 4/55 MP: 8/8
  3251 | D:4      | Found a shadowy altar of Dithmenos.
  3318 | D:4      | Found an ornate altar of the Wu Jian Council.
  3463 | D:4      | Reached skill level 7 in Unarmed Combat
  4345 | D:5      | HP: 4/85 [troll (4)]
  4347 | D:5      | Slain by a troll

Illustrated notes

Levels and vault maps discovered:
D:1:      saegor_arrival_simple_a, layout_basic,
          shapermc_ecumenical_altar_mp_ritualfount, serial_forest,
          infiniplex_forest_lined_room_2, infiniplex_forest_end_3,
          infiniplex_forest_corner_1, infiniplex_forest_straight_2,
          infiniplex_forest_straight_3, infiniplex_forest_clump_long,
          infiniplex_forest_lined_2
D:2:      layout_basic, basic_altar, grunt_decor_mini_mirrors, uniq_robin
D:3:      layout_rooms, nicolae_overflow_hidden_temple, general_overflow_altar,
          evilmike_ruin_ashenzari, ebering_ghost_gozag, serial_shops,
          nicolae_shop_back_alley_shop, nicolae_shop_gaudy_bauble, shop,
          nicolae_shop_tiny_waterfront, nicolae_shop_waterfront,
          nicolae_underground_beach, uniq_jessica, uniq_ijyb
D:4:      layout_rooms, kennysheep_mini, elyvilon_altar_5, lemuel_round_altar,
          minmay_surrounded, uniq_pikel
D:5:      minmay_diamond_boxcup, layout_loops_ring, temple_green
Temple:   nicolae_temple_ecumenical_triangle

Skill      XL: |  1  2  3  4  5  6  7  8 |
---------------+-------------------------+-----
Unarmed Combat | 4 5 6 7 |  7.8
Shapeshifting  | 1 3 4 |  4.8
Fighting       | 5 6 |  6.3
Dodging        | |  2.0
Stealth        | |  6.6

Action                     |  1- 3 |  4- 6 |  7- 9 || total
---------------------------+-------+-------+-------++-------
  Melee: Unarmed           |    24 |   180 |    92 ||   296
         Constrict         |     2 |    38 |    18 ||    58
         Tentacles         |     3 |    38 |    23 ||    64
         Punch             |       |     3 |     6 ||     9
  Evoke: Wand              |       |     3 |     3 ||     6
    Use: Potion            |     1 |     1 |     1 ||     3
         Scroll            |       |     5 |     2 ||     7
   Stab: Sleeping          |       |    10 |     5 ||    15
         Distracted        |       |     2 |     2 ||     4
 Armour: Skin              |     7 |    79 |    40 ||   126
  Dodge: Dodged            |    18 |    93 |    76 ||   187

Table legend: (Time is in decaauts)
 A = Elapsed time spent in this place.
 B = Non-inter-level travel time spent in this place.
 C = Inter-level travel time spent in this place.
 D = Time resting spent in this place.
 E = Time spent auto-exploring this place.
 F = Levels seen in this place.
 G = Mean time per level.
                   A        B        C        D        E       F      G
               +--------+--------+--------+--------+--------+-----+--------+
         Total |   4296 |   4185 |    111 |    179 |   3177 |   6 |  716.0 |
       Dungeon |   4295 |   4184 |    111 |    179 |   3177 |   5 |  859.0 |
        Temple |      1 |      1 |      0 |      0 |      0 |   1 |    1.0 |
               +--------+--------+--------+--------+--------+-----+--------+

Top non-repeatable levels by time:
     D:3: 919 daAuts
     D:5: 915 daAuts
     D:4: 873 daAuts
     D:1: 809 daAuts
     D:2: 776 daAuts
  Temple: 1 daAuts
